 Dungeon Crawl Stone Soup version 0.25.1-2-g60ff931df9 (webtiles) character file.

Game seed: 14286641537685441816

389 DearestLeader the Conjurer (level 6, -1/32 HPs)
             Began as a Deep Elf Conjurer on Sept 14, 2020.
             Killed from afar by Pikel (21 damage)
             ... with an iceblast
             ... on level 4 of the Dungeon.
             The game lasted 00:07:04 (3546 turns).

DearestLeader the Conjurer (Deep Elf Conjurer)      Turns: 3546, Time: 00:07:04

Health: -1/32      AC:  2    Str:  5    XL:     6   Next: 50%
Magic:  6/12       EV: 13    Int: 22    God:
Gold:   193        SH:  0    Dex: 15    Spells: 1/11 levels left

rFire    . . .     SeeInvis .   m - +3 dagger
rCold    . . .     Gourm    .   (no shield)
rNeg     . . .     Faith    .   a - +0 robe
rPois    .         Spirit   .   (no helmet)
rElec    .         Reflect  .   (no cloak)
rCorr    .         Harm     .   (no gloves)
MR       .....                  (no boots)
Stlth    ++........             n - amulet of regeneration
HPRegen  0.50/turn              (no ring)
MPRegen  0.13/turn              (no ring)

@: no status effects
A: no striking features
a: no special abilities


You were on level 4 of the Dungeon.
You were not hungry.

You visited 1 branch of the dungeon, and saw 4 of its levels.

You collected 193 gold pieces.

Inventory:

Hand Weapons
 m - a +3 dagger (weapon)
Armour
 a - a +0 robe (worn)
Jewellery
 n - an amulet of regeneration (around neck)
Scrolls
 b - a scroll of remove curse
 d - a scroll of amnesia {unknown}
 e - a scroll of enchant weapon {unknown}
 f - a scroll of identify
 g - a scroll of fear {unknown}
 h - 2 scrolls of teleportation {unknown}
Potions
 i - 2 potions of lignification
 j - a potion of brilliance
 k - 3 potions of mutation
 l - a potion of curing {unknown}
Comestibles
 c - 4 rations


   Skills:
 - Level 2.4 Dodging
 - Level 2.4 Stealth
 - Level 3.0 Spellcasting
 * Level 7.9 Conjurations
 * Level 4.0 Hexes


You had one spell level left.
You knew the following spells:

 Your Spells              Type           Power        Failure   Level  Hunger
a - Magic Dart            Conj           ####         1%          1    None
b - Searing Ray           Conj           #####.       1%          2    ##.....
c - Dazzling Flash        Conj/Hex       ####..       3%          3    ###....
d - Fulminant Prism       Conj/Hex       ####......   11%         4    ####...

Your spell library contained the following spells:

 Spells                   Type           Power        Failure   Level  Hunger
 Iskenderun's Mystic Bla  Conj/Tloc      ###.....     24%         4    ####...


Dungeon Overview and Level Annotations

Branches:
Dungeon (4/15)
 Temple: D:4-7

Altars:
Nemelex Xobeh
Uskayaw

Shops:
D:4 (

Annotations:
D:4 Pikel


Message History

You kill the slave!
That felt strangely unrewarding.
The searing ray hits Robin.
You kill Robin!
Your Hexes skill increases to level 4! (Press . to maintain the ray.)
The goblin closely misses you.
Casting: Searing Ray (safe; 1% risk of failure)
Confirm with . or Enter, or press ? or * to list all spells.
Aiming: Magic Dart (safe; 1% risk of failure)
Press: ? - help, Shift-Dir - straight line, f - goblin
Aim: a goblin (strong)
The magic dart hits the goblin.
You kill the goblin!
A slave comes into view.
Pikel zaps a wand.
The mass of ice explodes!
The iceblast engulfs you!
You hear a shout!
You see here an adder skeleton.
Pikel zaps a wand.
The mass of ice explodes!
The iceblast engulfs you!!
Ouch! That really hurt!
You die...

#....# ###..# #..#
# #.#####..# #
#........# #
########.# ## #.#
#. ..####.#######
#.
#.......@.÷..######
#####...##....Kgp.#
#..<..#...####.#
##...###### #.# #.
##.## #.# #. #.#
#K# ## #.# #)#
#♣### #' #g# #...#
##p##♣∩♣..


You could see Pikel and a goblin.

Vanquished Creatures
  Purgy (D:3)
  2 slaves (D:4)
  An ogre (D:4)
  A worker ant (D:4)
  Robin (D:4)
  10 adders
  An ooze (D:3)
  An adder skeleton (D:4)
  3 worms
  3 dart slugs
  3 leopard geckos
  An orc (D:3)
  4 giant cockroaches
  6 goblins
  3 hobgoblins
  2 jackals (D:3)
  2 quokkas
  8 bats
  7 frilled lizards
  A jackal skeleton (D:4)
  3 kobolds
  6 rats
70 creatures vanquished.

Notes
Turn   | Place    | Note
-------+----------+-------------------------------------------
     0 | D:1      | DearestLeader the Deep Elf Conjurer began the quest for the
                  | Orb.
     0 | D:1      | Reached XP level 1. HP: 10/10 MP: 6/6
   337 | D:1      | Reached XP level 2. HP: 10/15 MP: 2/8
   341 | D:1      | Learned a level 2 spell: Searing Ray
   471 | D:1      | Reached skill level 5 in Conjurations
  1390 | D:2      | Reached XP level 3. HP: 19/19 MP: 7/9
  1411 | D:2      | Found a sparkling altar of Nemelex Xobeh.
  1427 | D:2      | Learned a level 3 spell: Dazzling Flash
  1848 | D:3      | Reached skill level 6 in Conjurations
  1949 | D:3      | Reached XP level 4. HP: 24/24 MP: 5/10
  2148 | D:3      | Noticed a +0 dagger
  2150 | D:3      | Noticed a +0 dagger
  2153 | D:3      | Found a hide-covered altar of Uskayaw.
  2619 | D:3      | Reached skill level 7 in Conjurations
  2619 | D:3      | Reached XP level 5. HP: 28/28 MP: 4/11
  2694 | D:3      | Learned a level 4 spell: Fulminant Prism
  2867 | D:3      | Noticed Purgy
  2878 | D:3      | Killed Purgy
  3057 | D:4      | Noticed an ogre
  3061 | D:4      | Killed an ogre
  3061 | D:4      | Reached XP level 6. HP: 32/32 MP: 7/12
  3176 | D:4      | Noticed a slave
  3176 | D:4      | Noticed a slave
  3178 | D:4      | Noticed Pikel
  3194 | D:4      | Killed a slave
  3473 | D:4      | Found Inuumo's Antique Weapon Emporium.
  3506 | D:4      | Identified the +1 helmet "Igheux" {rN+}
  3506 | D:4      | Noticed Robin
  3519 | D:4      | Noticed a slave
  3533 | D:4      | Killed a slave
  3533 | D:4      | Killed Robin
  3534 | D:4      | Noticed a slave
  3546 | D:4      | Killed from afar by Pikel

Illustrated notes

Levels and vault maps discovered:
D:1:      dpeg_arrival_rhombus, layout_basic, kennysheep_another_room
D:2:      layout_loops_cross, old_standard_altar, first_ration
D:3:      layout_basic, dancing_weapons_uskayaw, uniq_purgy
D:4:      layout_loops_corners, amethyst_overflow_temple_binary, serial_shops,
          nicolae_shop_trees, uniq_robin, uniq_pikel, uniq_duvessa

Skill      XL: |  1  2  3  4  5  6 |
---------------+-------------------+-----
Conjurations   | 5 6 7 |  7.9
Hexes          | 3 4 |  4.0
Dodging        | |  2.4
Stealth        | |  2.4
Spellcasting   | |  3.0

Action                   |  1- 3 |  4- 6 || total
-------------------------+-------+-------++-------
Melee: Dagger            |     1 |     7 ||     8
 Cast: Magic Dart        |    58 |    42 ||   100
       Searing Ray       |     3 |    15 ||    18
  Use: Scroll            |       |     4 ||     4
 Stab: Sleeping          |       |     1 ||     1
  Eat: Chunk             |     3 |     5 ||     8
Armor: Robe              |       |     6 ||     6
Dodge: Dodged            |    11 |    22 ||    33
